 Dungeon Crawl Stone Soup version 0.28-a0-407-g69098e2f6d (webtiles) character file.

Game seed: 13427496322012354739

12532 heikuro the Carver (level 12, -2/95 HPs)
             Began as a Formicid Abyssal Knight on Sept 5, 2021.
             Was a Priest of Lugonu.
             Slain by a red ugly thing (9 damage)
             ... on level 11 of the Dungeon.
             The game lasted 00:32:45 (16594 turns).

heikuro the Carver (Formicid Abyssal Knight)       Turns: 16594, Time: 00:32:46

Health: -2/95      AC: 19    Str: 21    XL:     12   Next: 21%
Magic:  18/19      EV:  7    Int: 13    God:    Lugonu [***...]
Gold:   627        SH:  0    Dex: 13    Spells: 11/11 levels left

rFire   . . .      SeeInvis +   a - +4 great sword
rCold   . . .      Faith    .   (no shield)
rNeg    . . .      Spirit   .   F - +0 plate armour
rPois   +          Reflect  .   (helmet unavailable)
rElec   .          Harm     .   L - +0 cloak
rCorr   .          Rampage  .   s - +1 pair of gloves {Dex+3}
Will    +....                   H - +0 pair of boots
Stlth   ..........              j - amulet of magic regeneration
HPRegen 0.25/turn               E - ring of poison resistance
MPRegen 0.41/turn               (no ring)

@: lethally poisoned (-2 -> -4)
A: permanent stasis, dig shafts and tunnels, antennae 3, four strong arms
a: Dig, Shaft Self, Renounce Religion, Depart the Abyss, Bend Space, Banish


You were on level 11 of the Dungeon.
You worshipped Lugonu.
Lugonu was most pleased with you.
You visited 2 branches of the dungeon, and saw 12 of its levels.
You visited the Abyss 1 time.

You collected 627 gold pieces.

Inventory:

Hand Weapons
 a - a +4 great sword (weapon)
 b - a +0 hunting sling
 D - a +0 dagger of venom
Missiles
 l - 124 sling bullets
 m - 30 poisoned darts (quivered)
 x - 7 curare-tipped darts
 J - 3 throwing nets
Armour
 s - a +1 pair of gloves of dexterity (worn)
 F - a +0 plate armour (worn)
 H - a +0 pair of boots (worn)
 L - a +0 cloak (worn)
Jewellery
 f - a ring of ice
 j - an amulet of magic regeneration (around neck)
 o - an amulet of faith
 E - a ring of poison resistance (left hand)
 M - a ring of ice
Wands
 u - a wand of paralysis (14)
 K - a wand of iceblast (5)
Scrolls
 e - 4 scrolls of fog
 g - 2 scrolls of noise {unknown}
 h - a scroll of immolation {unknown}
 k - 5 scrolls of teleportation {unknown}
 p - a scroll of brand weapon {unknown}
 q - a scroll of silence {unknown}
 t - 3 scrolls of blinking {unknown}
 v - 2 scrolls of enchant weapon {unknown}
 y - a scroll of vulnerability {unknown}
 C - 2 scrolls of enchant armour {unknown}
 N - a scroll of acquirement {unknown}
 P - 2 scrolls of identify
Potions
 c - 3 potions of heal wounds
 d - 2 potions of lignification
 i - 3 potions of might
 n - 4 potions of magic
 r - 3 potions of attraction
 w - 2 potions of mutation {unknown}
 z - 3 potions of curing {unknown}
 A - 7 potions of brilliance {unknown}
 B - 3 potions of degeneration {unknown}
 G - a potion of cancellation {unknown}
 I - a potion of resistance {unknown}
Miscellaneous
 O - a tin of tremorstones (2/2)


   Skills:
 + Level 9.1 Fighting
 * Level 11.1 Long Blades
 + Level 8.0 Slings
 + Level 8.7 Armour
 - Level 1.0 Dodging
 + Level 9.6 Invocations


You had 11 spell levels left.
You didn't know any spells.
Your spell library contained the following spells:

 Spells                   Type           Power      Damage    Failure   Level
 Corpse Rot               Necr/Air       N/A        N/A       100%        2
 Dispel Undead            Necr           0%         3d6       100%        4
 Death Channel            Necr           0%         N/A       100%        6


Dungeon Overview and Level Annotations

Branches:
Dungeon (11/15)            Temple (1/1) D:7            Lair (0/6) D:10
    Orc (0/2) D:9

Altars:
Ashenzari
Cheibriados
Dithmenos
Elyvilon
Fedhas
Gozag
Hepliaklqana
Kikubaaqudgha
Makhleb
Nemelex Xobeh
Okawaru
Qazlal
Ru
Sif Muna
Trog
Uskayaw
Vehumet
Wu Jian
Xom
Yredelemnul
Zin
The Shining One

Shops:
D:3 (


Innate Abilities, Weirdness & Mutations

You cannot be hasted, slowed, berserked, paralysed or teleported.
You can dig through walls and to a lower floor.
You have a pair of large antennae on your head. (SInv)
Your four strong arms can wield two-handed weapons with a shield.


Message History

Throw: 34 darts (poison)
Press: ? - help, Q - select action, (/) - cycle Shift-Dir - straight line, f/p - kobold brigand
Aim: a kobold brigand, wielding a +0 dagger and quivering poisoned darts (severely wounded, extremely poisoned, 56% to hit)
You throw a poisoned dart.
The poisoned dart closely misses the kobold brigand.
You feel sick.
The kobold brigand throws a poisoned dart.
The poisoned dart hits you!
You are more poisoned.
Throw: 33 darts (poison)
Press: ? - help, Q - select action, (/) - cycle Shift-Dir - straight line, f - red ugly thing, p - kobold brigand
Aim: a red ugly thing (almost dead, very poisoned, 63% to hit)
You throw a poisoned dart.
The poisoned dart closely misses the red ugly thing.
You feel sick.
The kobold brigand throws a poisoned dart.
The poisoned dart hits you!
You are more poisoned.
You feel very sick.
You feel very sick.
You feel sick.
You feel sick.
Throw: 32 darts (poison)
Press: ? - help, Q - select action, (/) - cycle Shift-Dir - straight line, f/p - red ugly thing
Aim: a red ugly thing (almost dead, very poisoned, 63% to hit)
You throw a poisoned dart.
The poisoned dart hits the red ugly thing.
The red ugly thing is almost dead.
You feel sick.
Throw: 31 darts (poison)
Press: ? - help, Q - select action, (/) - cycle Shift-Dir - straight line, f - kobold brigand, p - red ugly thing
Aim: a kobold brigand, wielding a +0 dagger and quivering poisoned darts (almost dead, very poisoned, 56% to hit)
You throw a poisoned dart.
The poisoned dart closely misses the red ugly thing.
The poisoned dart closely misses the kobold brigand.
You feel sick.
You kill the kobold brigand!
Lugonu accepts your kill. Space bends around you!
You blink.
You feel sick. The red ugly thing claws you!
You die...

#############
#...........#
#...)().....###
#....((..)@u.ยง#
#......(....#....+
#(..........######
#######....(...(..#
[....(((......(...#
#######(.....(....#
#...........#
########.#### #.#


You could see a red ugly thing (very poisoned).

Vanquished Creatures
  Fannar (D:10)
  Harold (D:8)
  2 two-headed ogres (D:11)
  A tengu warrior (D:9)
  A cyclops (D:11)
  Maurice (D:8)
  A kobold demonologist (D:10)
  Psyche (D:8)
  A troll (D:11)
  Prince Ribbit (D:6)
  2 shadows (D:10)
  15 yaks
  2 steam dragons
  2 wraiths
  Grum (D:8)
  A vampire mosquito (D:9)
  A water moccasin (D:7)
  2 ice beasts (D:5)
  5 sky beasts
  A black bear (D:7)
  4 necrophages
  2 ogres
  6 centaurs
  3 wolves
  2 phantoms
  4 bullfrogs
  A kobold brigand (D:11)
  A bullfrog (shapeshifter) (D:11)
  2 scorpions
  A wyvern zombie (D:4)
  A water moccasin zombie (D:5)
  2 water moccasin skeletons
  2 killer bees (D:9)
  8 wights
  A howler monkey (D:9)
  3 centaur zombies
  A human zombie (D:5)
  4 orc priests
  2 bullfrog zombies
  2 hounds
  A bullfrog skeleton (D:6)
  3 centaur skeletons
  Ijyb (D:4)
  A scorpion zombie (D:5)
  8 orc wizards
  An iguana (D:4)
  2 hound zombies (D:5)
  A mummy (D:5)
  4 howler monkey zombies
  3 gnolls (D:1)
  4 adders
  An ufetubus (D:4)
  3 worms (D:2)
  2 dart slugs
  17 orcs
  3 endoplasms
  4 giant cockroaches
  6 goblins
  5 hobgoblins
  5 kobolds
  5 quokkas
  5 ball pythons
  4 bats
  5 frilled lizards
  6 rats
195 creatures vanquished.

Vanquished Creatures (others)
  A plant (D:7)
1 creature vanquished.

Grand Total: 196 creatures vanquished

Notes
Turn   | Place    | Note
-------+----------+-------------------------------------------
     0 | Abyss:1  | heikuro the Formicid Abyssal Knight began the quest for the
                  | Orb.
     0 | Abyss:1  | Reached XP level 1. HP: 18/18 MP: 2/2
    31 | Abyss:1  | Noticed a small abomination
    33 | D:1      | Escaped the Abyss
   101 | D:1      | Reached skill level 1 in Dodging
   358 | D:1      | Reached XP level 2. HP: 20/24 MP: 3/3
   871 | D:1      | Reached * piety under Lugonu
  1109 | D:1      | Reached XP level 3. HP: 27/29 MP: 4/4
  1817 | D:2      | Found a faded altar of an unknown god.
  1838 | D:2      | Reached XP level 4. HP: 32/36 MP: 6/6
  1995 | D:2      | Reached skill level 3 in Long Blades
  2158 | D:2      | Found an ancient bone altar of Kikubaaqudgha.
  2639 | D:1      | You fall into a shaft and drop 1 floor!
  3034 | D:3      | Found Nebiskumekh's Antique Weapon Shoppe.
  3039 | D:3      | Noticed a sky beast
  3060 | D:3      | Killed a sky beast
  3061 | D:3      | Reached skill level 1 in Slings
  3061 | D:3      | Reached XP level 5. HP: 3/42 MP: 7/7
  4204 | D:3      | Found an ornate altar of the Wu Jian Council.
  4472 | D:3      | Reached XP level 6. HP: 41/48 MP: 8/8
  4534 | D:4      | Reached skill level 4 in Long Blades
  4863 | D:4      | Reached XP level 7. HP: 25/55 MP: 9/9
  5418 | D:4      | Noticed Ijyb
  5436 | D:4      | Killed Ijyb
  5666 | D:4      | Reached skill level 5 in Long Blades
  5864 | D:5      | Entered Level 5 of the Dungeon
  6033 | D:5      | Reached XP level 8. HP: 59/61 MP: 11/11
  6108 | D:5      | Reached skill level 5 in Fighting
  6262 | D:5      | Reached ** piety under Lugonu
  6616 | D:5      | Reached skill level 5 in Invocations
  6683 | D:5      | Reached skill level 6 in Long Blades
  7024 | D:5      | Reached skill level 5 in Armour
  7117 | D:5      | Reached XP level 9. HP: 49/69 MP: 13/13
  7211 | D:5      | Found a basalt altar of Yredelemnul.
  8111 | D:5      | Reached skill level 7 in Long Blades
  8971 | D:6      | Noticed Prince Ribbit
  8992 | D:6      | Killed Prince Ribbit
  9077 | D:6      | Found a blossoming altar of Fedhas.
  9226 | D:6      | Reached skill level 5 in Slings
  9812 | D:7      | Reached XP level 10. HP: 71/77 MP: 15/15
  9820 | D:7      | Reached skill level 8 in Long Blades
  9981 | D:7      | Found a staircase to the Ecumenical Temple.
 10035 | Temple   | Entered the Ecumenical Temple
 10749 | D:8      | Noticed Grum
 10772 | D:8      | Noticed Psyche
 10775 | D:8      | HP: 3/79 [wolf[Grum] (7)]
 11184 | D:8      | Killed Grum
 11339 | D:8      | Killed Psyche
 11847 | D:8      | Noticed Harold
 12274 | D:8      | Killed Harold
 12275 | D:8      | Reached skill level 9 in Long Blades
 12754 | D:8      | Noticed Maurice
 12760 | D:8      | Killed Maurice
 12994 | D:9      | Found a shimmering blue altar of Sif Muna.
 12994 | D:9      | Noticed an eight-headed hydra
 13034 | D:9      | Found a staircase to the Orcish Mines.
 13062 | D:9      | Noticed a tengu warrior
 13063 | D:9      | Found a broken altar of Ashenzari.
 13076 | D:9      | Killed a tengu warrior
 13077 | D:9      | Reached XP level 11. HP: 60/86 MP: 15/17
 13397 | D:9      | Reached *** piety under Lugonu
 13672 | D:9      | Found a sacrificial altar of Ru.
 13721 | D:9      | Noticed an ice dragon
 13737 | D:10     | Entered Level 10 of the Dungeon
 13744 | D:10     | Reached skill level 10 in Long Blades
 14181 | D:10     | Noticed Fannar
 14203 | D:10     | Killed Fannar
 14287 | D:10     | Found a staircase to the Lair.
 14626 | D:9      | Noticed a centaur warrior
 15066 | D:10     | Found the +27 Lear's hauberk
 15413 | D:11     | Noticed a cyclops
 15420 | D:11     | Killed a cyclops
 15700 | D:11     | Noticed a two-headed ogre
 15724 | D:11     | Killed a two-headed ogre
 15725 | D:11     | Reached XP level 12. HP: 88/95 MP: 16/19
 15801 | D:11     | Noticed a two-headed ogre
 15826 | D:11     | Killed a two-headed ogre
 15827 | D:11     | Reached skill level 11 in Long Blades
 16594 | D:11     | Slain by a red ugly thing

Illustrated notes

Levels and vault maps discovered:
D:1:      onia_arrival_pyramid, layout_basic, minivault_23
D:2:      cheibrodos_old_hovel, layout_rooms, chequers_ecumenical_altar_twisty,
          basic_altar
D:3:      layout_basic, nzn_wu_jian_council_hall, serial_shops, shop
D:4:      layout_rooms, uniq_ijyb
D:5:      layout_loops_corners, lemuel_mausoleum_altar_yredelemnul,
          minmay_misc_feat_plants, st_stairs_7
D:6:      layout_gridville, general_overflow_altar, uniq_prince_ribbit1
D:7:      minmay_recursive_quarters, layout_gridville,
          minmay_temple_entry_overgrown
D:8:      layout_loops_ring, feat_on_display, uniq_psyche, uniq_grum,
          uniq_maurice, uniq_harold
D:9:      minmay_the_grid_net [minmay_the_grid_eight, minmay_the_grid_tiny_cups,
          minmay_the_grid_tri_star, minmay_the_grid_slots,
          minmay_the_grid_doors, minmay_the_grid_prize_shrinking_boxes],
          layout_loops_corners, hangedman_ru_absence, orc_0_dummy,
          hangedman_feature_mirror
D:10:     layout_roguey, lair_entry_dummy, uniq_fannar
D:11:     layout_roguey, minivault_5, lightli_fourway_metalbox
Temple:   regret_index_temple_mists

Skill      XL: |  1  2  3  4  5  6  7  8  9 10 11 12 |
---------------+-------------------------------------+-----
Dodging        | 1 |  1.0
Long Blades    | 3 4 5 6 7 9 10 11 | 11.1
Fighting       | 4 5 6 7 9 |  9.1
Slings         | 1 2 3 5 6 7 8 |  8.0
Armour         | 3 4 5 6 7 8 |  8.7
Invocations    | 3 4 5 6 8 9 |  9.6

Action                   |  1- 3 |  4- 6 |  7- 9 | 10-12 || total
-------------------------+-------+-------+-------+-------++-------
Melee: Falchion          |    84 |    41 |   179 |       ||   304
       Dagger            |    11 |    89 |   145 |    13 ||   258
       Great sword       |       |       |    48 |   267 ||   315
 Fire: Hunting sling     |       |    19 |    66 |    54 ||   139
Throw: Dart              |       |       |    14 |    52 ||    66
       Throwing net      |       |       |       |     1 ||     1
Invok: Depart the Abyss  |     1 |       |       |       ||     1
       Bend Space        |       |       |     2 |    32 ||    34
 Abil: Shaft Self        |       |     1 |       |       ||     1
       Dig               |       |     1 |     3 |     7 ||    11
  Use: Scroll            |       |     3 |     2 |     1 ||     6
 Stab: Held in net/web   |       |       |       |     1 ||     1
Armor: Ring mail         |    31 |    17 |       |       ||    48
       Scale mail        |       |    41 |   138 |       ||   179
       Plate armour      |       |       |    35 |   227 ||   262
Dodge: Dodged            |    47 |    68 |   151 |   107 ||   373

Table legend: (Time is in decaauts)
 A = Elapsed time spent in this place.
 B = Non-inter-level travel time spent in this place.
 C = Inter-level travel time spent in this place.
 D = Time resting spent in this place.
 E = Time spent auto-exploring this place.
 F = Levels seen in this place.
 G = Mean time per level.
                   A        B        C        D        E       F      G
               +--------+--------+--------+--------+--------+-----+--------+
         Total |  16665 |  15884 |    781 |   7023 |   5111 |  13 | 1281.9 |
       Dungeon |  16401 |  15644 |    757 |   7023 |   4926 |  11 | 1491.0 |
        Temple |    231 |    207 |     24 |      0 |    185 |   1 |  231.0 |
         Abyss |     33 |     33 |      0 |      0 |      0 |   1 |   33.0 |
               +--------+--------+--------+--------+--------+-----+--------+

Top non-repeatable levels by time:
     D:5: 2475 daAuts
     D:7: 2015 daAuts
     D:1: 1783 daAuts
     D:2: 1491 daAuts
    D:10: 1435 daAuts
     D:4: 1380 daAuts
    D:11: 1260 daAuts
     D:8: 1245 daAuts
     D:3: 1222 daAuts
     D:6: 1197 daAuts
     D:9: 892 daAuts
  Temple: 231 daAuts
 Abyss:1: 33 daAuts
